Get step-by-step instructions on how to execute this build order below. Start the game timer, and the build order will tick by so you can play in parallel with StarCraft on a second screen or mobile device.

Game Time

  0:00

Last Step

  N/A

Next Step

Upcoming Step



Don't want to look back and forth between 2 screens? Try out our Overwolf App, the Spawning Tool Build Advisor to get an in-game overlay with this build!

Complete Build Order

  12  0:00  SCV  
  13  0:12  SCV  
  14  0:16  Supply Depot  
  14  0:24  SCV  
  14  0:28  Refinery  
  15  0:38  SCV  
  16  0:45  Barracks  
  16  0:50  SCV  
  17  1:04  SCV  
  17  1:07  Engineering Bay  
  18  1:16  SCV  
  19  1:32  Marine  
  19  1:34  Orbital Command  
  19  1:38  Factory  
  20  1:49  Supply Depot  
  20  1:51  Barracks Reactor  
  20  2:00  SCV  
  21  2:12  SCV  
  22  2:24  Command Center  
  22  2:31  Hellion x2  
  22  2:32  SCV  
  27  2:37  Supply Depot  
  27  2:44  Starport  
  27  2:48  SCV  
  28  2:55  Refinery  
  28  2:58  Widow Mine  
  30  3:00  Widow Mine  
  30  3:03  Barracks Tech Lab  
  30  3:05  SCV  
  33  3:18  SCV  
  34  3:21  Widow Mine x2  
  38  3:27  Marine  
  39  3:35  SCV, Medivac  
  39  3:36  Orbital Command  
  42  3:47  SCV  
  43  3:51  Marine x2  
  45  3:55  Siege Tank  
  45  3:59  SCV  
  49  4:03  SCV  
  50  4:10  Starport Tech Lab  
  50  4:11  SCV  
  50  4:12  Supply Depot  
  50  4:13  Barracks  
  50  4:14  Marine x2  
  50  4:16  SCV  
  54  4:25  Bunker  
  54  4:30  Supply Depot  
  54  4:33  SCV x2  
  56  4:43  Marine x2  
  56  4:44  Siege Tank  
  59  4:45  SCV x2  
  52  4:58  SCV x2  
  53  5:01  Marine x2  
  53  5:02  Barracks  
  53  5:05  Starport Reactor  
  53  5:09  Refinery  
  53  5:10  SCV x2, Engineering Bay  
  53  5:13  Stimpack  
  55  5:14  Marine  
  55  5:20  Siege Tank  
  59  5:22  SCV  
  59  5:23  Marine, SCV, Supply Depot  
  59  5:25  Marine  
  63  5:30  Supply Depot  
  63  5:33  Marauder  
  63  5:34  SCV  
  66  5:36  SCV  
  66  5:38  Terran Infantry Weapons Level 1  
  67  5:43  Marine x2  
  67  5:46  SCV  
  67  5:48  SCV  
  70  5:58  SCV  
  70  6:00  SCV, Marauder  
  70  6:02  Supply Depot  
  70  6:04  Marine x2, Medivac  
  76  6:09  Factory Reactor  
  76  6:11  SCV, Refinery  
  79  6:13  Combat Shield  
  79  6:14  Marine  
  80  6:21  Marine  
  81  6:26  Command Center  
  81  6:28  Marine, Medivac  
  81  6:31  Marine  
  85  6:36  SCV x2  
  87  6:44  Marine x2  
  87  6:46  Barracks  
  88  6:48  Barracks  
  88  6:51  Widow Mine x2, Marine x2  
  88  6:53  Supply Depot  
  93  6:56  Supply Depot  
  90  7:07  Marauder, Marine  
  90  7:08  Missile Turret  
  89  7:09  Marine  
  89  7:14  Widow Mine x2, Marine  
  89  7:15  Concussive Shells  
  95  7:20  SCV x2  
  94  7:25  Marauder  
  94  7:26  Marine  
  94  7:27  Ghost Academy  
  97  7:32  Marauder, Terran Infantry Armor Level 1, SCV  
  97  7:36  SCV, Widow Mine x2  
  101  7:38  Barracks Reactor  
  101  7:40  Barracks Tech Lab  
  101  7:47  SCV  
  101  7:48  SCV  
  103  7:58  Ghost, Supply Depot  
  102  8:02  SCV  
  102  8:05  SCV  
  104  8:14  SCV  
  104  8:17  SCV  
  104  8:21  Ghost  
  106  8:29  Marine  
  106  8:30  Marine x2  
  109  8:39  Marine  
  109  8:40  Marauder  
  113  8:51  Marine  
  113  8:54  Orbital Command  
  106  9:15  Marine  
  111  9:20  Marine x2  
  90  9:34  Ghost  
  83  9:43  Marine  
  83  9:44  Marauder x2  
  83  9:53  Marine  
  76  10:01  Marine x2  
  76  10:03  Marauder  
  74  10:08  Marine  
  74  10:13  SCV x2  
  75  10:18  SCV  
  76  10:22  Marine  
  77  10:30  Marine x2  
  77  10:31  SCV  
  75  10:39  Marine x2  
  72  10:43  Marine  
  72  10:48  SCV x2